 Dungeon Crawl Stone Soup version 0.30-a0-1075-gcd70e7a56d (webtiles) character file.

Game seed: 12452165218639331157

9846 CowFu the Spear-Bearer (level 11, -5/123 (124) HPs)
             Began as a Demonspawn Gladiator on Apr 14, 2023.
             Was a Believer of Makhleb.
             Slain by an orc warrior
             ... wielding a +0 glaive
             ... summoned by an orange crystal statue
              (7 damage)
             ... on level 9 of the Dungeon.
             The game lasted 00:22:43 (8471 turns).

CowFu the Spear-Bearer (Demonspawn Gladiator)       Turns: 8471, Time: 00:22:44

HP:   -5/123 (124)  AC: 25    Str: 23    XL:     11   Next: 28%
MP:   0/11          EV:  2    Int: -8 (9) God:    Makhleb [**....]
Gold: 704           SH:  4    Dex: 14    Spells: 10/10 levels left

rFire   + . .      SeeInvis .    a - +6 spear "Xilu" {spect, rCorr Str+3}
rCold   . . .      Faith    .    (no shield)
rNeg    + . .      Spirit   +    j - melded quicksilver dragon scales
rPois   +          Reflect  .    c - melded +0 helmet
rElec   .          Rampage  .    (cloak unavailable)
rCorr   +          NoTele   +    z - melded +1 pair of gloves {hurl}
Will    .....                    C - melded +0 pair of boots
Stlth   +                        A - amulet of regeneration
HPRegen 1.20/turn                k - ring of protection from fire
MPRegen 0.24/turn                l - ring of positive energy

@: mighty, tree-form, slowed, lost intelligence, lightly drained, unable to
read, very slow
A: stationary, stasis, torment immunity, boosted hp, repulsion field 2, magic
shield, magic regeneration, condensation shield, (weakness stinger 3), (cold
resistance 1)
a: Renounce Religion, Minor Destruction


You were on level 9 of the Dungeon.
You worshipped Makhleb.
Makhleb was pleased with you.
You were a tree.
You visited 2 branches of the dungeon, and saw 10 of its levels.
You also visited: Bailey.

You collected 704 gold pieces.

Inventory:

Hand Weapons
 a - the +6 spear "Xilu" (weapon) {spect, rCorr Str+3}
   (You found it on level 2 of the Dungeon)

   Str:       It affects your strength (+3).
   rCorr:     It protects you from acid and corrosion.
Missiles
 d - 3 throwing nets (quivered)
 e - 8 javelins
Armour
 c - a +0 helmet (melded)
 j - quicksilver dragon scales (melded)
 z - a +1 pair of gloves of hurling (melded)
 C - a +0 pair of boots (melded)
 I - +0 swamp dragon scales
Jewellery
 k - a ring of protection from fire (left branch)
 l - a ring of positive energy (right branch)
 o - an amulet of magic regeneration
 q - a ring of ice
 A - an amulet of regeneration (around neck)
 B - an amulet of faith
 H - a ring of willpower
 J - a ring of magical power
Wands
 t - a wand of digging (3)
 w - a wand of paralysis (11)
 D - a wand of flame (17)
 F - a wand of polymorph (12)
 N - a wand of roots (6)
Scrolls
 f - 4 scrolls of blinking
 h - a scroll of torment
 m - 4 scrolls of teleportation
 n - 4 scrolls of vulnerability
 y - 2 scrolls of fog
 K - a scroll of amnesia
 L - a scroll of fear
 M - 2 scrolls of identify
Potions
 b - a potion of berserk rage
 i - 3 potions of mutation
 p - 2 potions of flight
 r - a potion of might
 s - 6 potions of brilliance
 u - 3 potions of attraction
 v - 2 potions of lignification
 x - a potion of cancellation {unknown}
 G - a potion of haste {unknown}
 O - a potion of heal wounds {unknown}
Miscellaneous
 g - a phial of floods


   Skills:
 + Level 6.5 Fighting
 - Level 12.0 Polearms
 - Level 1.7 Throwing
 + Level 5.6 Armour
 + Level 6.3 Dodging
 + Level 6.1 Evocations


You had 10 spell levels left.
You didn't know any spells.
Your spell library contained the following spells:

 Spells                   Type           Power      Damage    Failure   Level
 Apportation              Tloc           0%         N/A       58%         1
 Beastly Appendage        Tmut           0%         N/A       58%         1
 Necrotise                Necr           0%         1d4       58%         1
 Summon Small Mammal      Summ           0%         N/A       58%         1
 Wereblood                Tmut           0%         N/A       75%         2
 Hailstorm                Conj/Ice       0%         3d3       92%         3
 Inner Flame              Hex/Fire       0%         N/A       92%         3
 Spider Form              Tmut/Pois      0%         N/A       92%         3
 Volatile Blastmotes      Fire/Tloc      0%         2d10      92%         3
 Flame Wave               Conj/Fire      0%         2d4       100%        4
 Fulminant Prism          Conj/Hex       0%         3d5       100%        4
 Ice Form                 Ice/Tmut       0%         N/A       100%        4
 Iskenderun's Mystic Bla  Conj/Tloc      0%         2d3       100%        4
 Sticky Flame             Conj/Fire      0%         2d3       100%        4
 Lee's Rapid Deconstruct  Erth           0%         3d4*      100%        5
 Simulacrum               Ice/Necr       0%         N/A       100%        6
 Chain Lightning          Conj/Air       0%         N/A       100%        9
 Fire Storm               Conj/Fire      0%         5d1       100%        9
 Shatter                  Erth           0%         3d5*      100%        9


Dungeon Overview and Level Annotations

Branches:
Dungeon (9/15)             Temple (1/1) D:7          Bailey (visited)
   Lair: D:8-11         Orc: D:9-12

Altars:
Ashenzari
Cheibriados
Dithmenos
Fedhas
Gozag
Hepliaklqana
Kikubaaqudgha
Makhleb
Nemelex Xobeh
Okawaru
Qazlal
Ru
Sif Muna
Trog
Uskayaw
Vehumet
Wu Jian
Xom

Shops:
D:3 =

Annotations:
D:5 3 runed translucent doors, baller8008's ghost, novice OpFE
D:9 1 runed translucent door, exclusion: 4 orange crystal statues


Innate Abilities, Weirdness & Mutations

You are a tree.
Your roots penetrate the ground, keeping you stationary.
You cannot be teleported.
You are immune to unholy pain and torment.
Your maximum health is greatly increased.
Your equipment is partially melded.
You are surrounded by a moderate repulsion field. (EV +3)
When hurt, damage is shared between your health and your magic reserves.
You regenerate magic rapidly.
A meltable shield of frost defends you. (SH +4)
((You have a sharp stinger which inflicts weakening toxins.))
((Your flesh is cold resistant. (rC+)))


Message History

You feel your power leaking away.
The orange crystal statue glitters.
You are confused.
The gnoll hits you but does no damage.
The orc warrior hits you from afar with a +0 glaive.
* * * LOW HITPOINT WARNING * * *
The troll bites you.
* * * LOW HITPOINT WARNING * * *
The troll claws you.
* * * LOW HITPOINT WARNING * * *
The troll claws you but does no damage.
The gnoll hits you but does no damage. x2
You are too confused!
You feel better.
The hornet stings you but does no damage.
The gnoll sergeant hits you from afar with a +2 heavy spear.
* * * LOW HITPOINT WARNING * * *
The orc warrior hits you but does no damage.
The troll barely misses you. The troll claws you but does no damage.
The troll claws you.
* * * LOW HITPOINT WARNING * * *
The gnoll hits you from afar with a +0 spear.
* * * LOW HITPOINT WARNING * * *
You block the gnoll's attack. The gnoll hits you but does no damage.
The hornet stings you but does no damage.
You feel better. You block the hornet's attack.
The orange crystal statue fixes its piercing gaze on you.
You feel dopey. Something feeds on your intellect!
The orange crystal statue glitters.
You block the troll's attack. The troll barely misses you.
The troll claws you but does no damage.
The orc priest invokes the aid of Beogh against you.
Beogh smites you!
* * * LOW HITPOINT WARNING * * *
The gnoll sergeant hits you but does no damage.
The gnoll hits you but does no damage. You block the gnoll's attack.
The gnoll hits you with a +0 flail.
* * * LOW HITPOINT WARNING * * *
The orc warrior hits you from afar with a +0 glaive!
You die...

....................(..#...#
..........####+####.####...#
######'#<.#8.....8#.#......#
.......#..#.#...#.#.#.#....#
.......#..#.......#.#......#
.......#..#...oooo#.#......#
####...#..#..ogg§c#......#.#
.......#..#.#ogy#T#......#.#
########..#8.oog♣8#.####...#
......#...####c####.# #...#
......#.............####...#
####'###########..###....#^#
...........................#
#...#..#..#..#....##..#....#
#......#..#..#....##..#..#.#
...........................#
############################


You could see 4 orange crystal statues, a troll (summoned), a hornet (summoned),
an orc warrior (summoned), a gnoll sergeant (summoned), 2 centaurs, 2 orc
priests, 3 gnolls and 4 orcs.

Vanquished Creatures
  2 two-headed ogres (D:9)
  A death yak (D:8)
  An orc knight (Bailey)
  A deep elf pyromancer (Bailey)
  Joseph (D:9)
  Maggie (D:8)
  2 polar bears (D:8)
  Grinder (D:4)
  A hornet (D:8)
  Sigmund (D:3)
  An unseen horror simulacrum (D:8)
  2 yaks (D:8)
  Eustachio (D:5)
  Grum (D:9)
  Menkaure (D:4)
  An acid dragon (D:8)
  Duvessa (D:4)
  2 water moccasins
  5 ice beasts
  12 orc warriors
  A sky beast (D:7)
  3 wolves
  2 centaurs
  A kobold brigand (D:8)
  5 bullfrogs
  6 scorpions
  Dowan (D:4)
  4 killer bees (D:8)
  4 howler monkeys
  An electric eel (D:8)
  2 jellies
  A wyvern simulacrum (D:8)
  8 orc priests
  4 hounds
  2 iguanas
  Ijyb (D:3)
  4 orc wizards
  3 sleepcaps
  Terence (D:2)
  A killer bee simulacrum (D:8)
  8 adders
  25 gnolls
  A shadow imp (D:6)
  5 white imps
  2 howler monkey simulacra (D:8)
  2 ufetubi
  5 worms
  5 dart slugs
  39 orcs
  12 endoplasms
  8 giant cockroaches
  8 goblins
  10 hobgoblins
  4 jackals (D:3)
  10 kobolds
  3 quokkas
  7 ball pythons
  5 bats
  6 frilled lizards
  3 rats
262 creatures vanquished.

Notes
Turn   | Place    | Note
-------+----------+-------------------------------------------
     0 | D:1      | CowFu the Demonspawn Gladiator began the quest for the Orb.
     0 | D:1      | Reached XP level 1. HP: 16/16 MP: 1/1
   115 | D:1      | Reached skill level 3 in Polearms
   176 | D:1      | Gained mutation: You regenerate magic rapidly. [demonic
                  | ancestry]
   176 | D:1      | Reached XP level 2. HP: 12/22 MP: 2/2
   466 | D:1      | Gained mutation: When hurt, damage is shared between your
                  | health and your magic reserves. [demonic ancestry]
   466 | D:1      | Reached XP level 3. HP: 11/27 MP: 3/3
   722 | D:1      | Found a faded altar of an unknown god.
  1012 | D:2      | Reached skill level 4 in Polearms
  1034 | D:2      | Noticed Terence
  1044 | D:2      | Killed Terence
  1199 | D:2      | Identified the +6 spear "Xilu" {spect, rCorr Str+3}
  1262 | D:2      | Gained mutation: You have a small tail. [demonic ancestry]
  1262 | D:2      | Reached XP level 4. HP: 33/33 MP: 4/4
  1268 | D:2      | You fall into a shaft and drop 2 floors!
  1379 | D:3      | Noticed Sigmund
  1383 | D:3      | Gained mutation: Your flesh is cold resistant. (rC+)
                  | [potion of mutation]
  1393 | D:3      | Killed Sigmund
  1394 | D:3      | Reached skill level 6 in Polearms
  1394 | D:3      | Gained mutation: A meltable shield of frost defends you.
                  | (SH +4) [demonic ancestry]
  1394 | D:3      | Reached XP level 5. HP: 31/38 MP: 5/5
  1549 | D:3      | Noticed an ice beast
  1556 | D:3      | Killed an ice beast
  1557 | D:3      | Gained mutation: You have a tail ending in a sharp stinger.
                  | [demonic ancestry]
  1557 | D:3      | Reached XP level 6. HP: 44/44 MP: 6/6
  1707 | D:3      | Noticed Ijyb
  1710 | D:3      | Killed Ijyb
  1711 | D:3      | Reached skill level 7 in Polearms
  1739 | D:3      | Found Dieroabi's Jewellery Emporium.
  1839 | D:3      | Identified the +3 ring mail of the Solstice {Rampage rF+
                  | Dex+2}
  2407 | D:4      | Gained mutation: You are surrounded by a mild repulsion
                  | field. (EV +2) [demonic ancestry]
  2407 | D:4      | Reached XP level 7. HP: 50/50 MP: 7/7
  2459 | D:4      | Noticed Grinder
  2466 | D:4      | Killed Grinder
  2467 | D:4      | Reached skill level 8 in Polearms
  2628 | D:4      | Noticed Menkaure
  2634 | D:4      | Killed Menkaure
  2635 | D:4      | Reached skill level 9 in Polearms
  2635 | D:4      | Reached XP level 8. HP: 56/56 MP: 8/8
  2780 | D:4      | Noticed Dowan
  2791 | D:4      | Killed Dowan
  2889 | D:4      | Noticed Duvessa
  2901 | D:4      | Killed Duvessa
  3288 | D:5      | Entered Level 5 of the Dungeon
  3364 | D:5      | Found a runed translucent gate.
  3364 | D:5      | Found a runed translucent gate.
  3365 | D:5      | Found a runed translucent gate.
  3367 | D:5      | Noticed baller8008's ghost (novice OpFE)
  3625 | D:5      | Noticed Eustachio
  3631 | D:5      | Killed Eustachio
  3632 | D:5      | Reached skill level 10 in Polearms
  4265 | D:6      | Reached skill level 11 in Polearms
  4316 | D:6      | Reached XP level 9. HP: 55/61 MP: 7/9
  4729 | D:6      | Found a hazy altar of Hepliaklqana.
  4729 | D:6      | Found a hide-covered altar of Uskayaw.
  4735 | D:6      | Found a burning altar of Makhleb.
  5022 | D:7      | Found a staircase to the Ecumenical Temple.
  5047 | D:7      | Reached skill level 12 in Polearms
  5060 | Temple   | Entered the Ecumenical Temple
  5512 | D:7      | Reached skill level 1 in Armour
  5512 | D:7      | Reached skill level 1 in Evocations
  5865 | D:6      | Became a worshipper of Makhleb the Destroyer
  6121 | D:8      | Noticed a death yak
  6126 | D:8      | Gained mutation: You are surrounded by a moderate repulsion
                  | field. (EV +3) [demonic ancestry]
  6126 | D:8      | Reached XP level 10. HP: 71/71 MP: 10/10
  6137 | D:8      | Killed a death yak
  6221 | D:8      | Noticed Maggie
  6240 | D:8      | Killed Maggie
  6250 | D:8      | Reached * piety under Makhleb
  6449 | D:8      | Reached skill level 5 in Fighting
  6449 | D:8      | Reached skill level 5 in Dodging
  6832 | D:9      | Found a flagged portal.
  6843 | Bailey   | Entered a bailey
  6929 | Bailey   | Noticed an orc knight
  6997 | Bailey   | Killed an orc knight
  6998 | Bailey   | Reached skill level 5 in Evocations
  7087 | Bailey   | Reached ** piety under Makhleb
  7099 | Bailey   | Found a large runed translucent door.
  7099 | Bailey   | Found a large runed translucent door.
  7100 | Bailey   | Noticed a deep elf pyromancer
  7184 | Bailey   | Killed a deep elf pyromancer
  7298 | D:9      | Noticed a two-headed ogre
  7306 | D:9      | Killed a two-headed ogre
  7307 | D:9      | Reached skill level 5 in Armour
  7307 | D:9      | Gained mutation: You have a sharp stinger which inflicts
                  | weakening toxins. [demonic ancestry]
  7307 | D:9      | Reached XP level 11. HP: 57/81 MP: 6/11
  7370 | D:9      | Noticed Grum
  7371 | D:9      | Found a snail-covered altar of Cheibriados.
  7378 | D:9      | Killed Grum
  7527 | D:9      | Noticed a two-headed ogre
  7533 | D:9      | Killed a two-headed ogre
  7534 | D:9      | Found an opulent altar of Gozag.
  7751 | D:9      | Noticed Joseph
  7767 | D:9      | Killed Joseph
  7824 | D:9      | Found a runed translucent door.
  7835 | D:9      | Found the +10 tower shield of Ignorance {rN+ Int-4}
  7882 | D:9      | Noticed an orange crystal statue
  7885 | D:9      | Found a runed translucent door.
  8230 | D:9      | Noticed an orange crystal statue
  8230 | D:9      | Noticed an orange crystal statue
  8230 | D:9      | Noticed an orange crystal statue
  8231 | D:9      | Noticed a two-headed ogre
  8462 | D:9      | Lost intelligence.
  8467 | D:9      | HP: 6/123 [gnoll/+0 halberd[an orange crystal statue] (10)]
  8471 | D:9      | HP: 2/123 [gnoll/+0 flail[an orange crystal statue] (2)]
  8471 | D:9      | Slain by an orc warrior

Illustrated notes

Levels and vault maps discovered:
D:1:      lightli_arrival_statue_moat, layout_loops_ring,
          shapermc_ecumenical_altar_ellora, minmay_cut_off
D:2:      layout_basic, kennysheep_decorative_pillar, uniq_terence
D:3:      layout_loops_ring, serial_shops, nicolae_square_shop,
          minmay_pentomino_pile, uniq_sigmund, uniq_ijyb
D:4:      nicolae_cairo_tiling_large_dashed, layout_basic, uniq_duvessa,
          uniq_grinder, uniq_menkaure
D:5:      layout_basic, gammafunk_ghost_split, uniq_eustachio
D:6:      layout_cave_pools, zin_scriptorium, nicolae_overflow_hidden_temple,
          nicolae_water_bricks, chequers_serial_rivers_micro_c,
          kennysheep_potato
D:7:      layout_loops_cross, minmay_temple_entry_offerings
D:8:      layout_basic, serial_ice, serial_ice_l, serial_ice_a, serial_ice_e,
          serial_ice_o, serial_ice_g, serial_ice_c, serial_ice_m,
          minmay_between, uniq_maggie
D:9:      layout_stronghold, old_standard_altar, old_standard_altar,
          enter_bailey_4, supply_closet_lemuel,
          chequers_guarded_unrand_ignorance, uniq_joseph, uniq_grum
Temple:   bh_familiar_temple

Skill      XL: |  1  2  3  4  5  6  7  8  9 10 11 |
---------------+----------------------------------+-----
Polearms       | 3 4 6 7 9 11 12 | 12.0
Armour         | 2 5 |  5.6
Evocations     | 3 5 6 |  6.1
Dodging        | 4 5 6 |  6.3
Fighting       | 3 6 |  6.5
Throwing       | |  1.7

Action                     |  1- 3 |  4- 6 |  7- 9 | 10-12 || total
---------------------------+-------+-------+-------+-------++-------
  Melee: Trident           |   108 |       |       |       ||   108
         Spear             |     3 |    94 |   275 |   403 ||   775
         Tailslap          |       |     5 |    25 |    37 ||    67
         Punch             |       |     2 |     2 |       ||     4
  Evoke: Wand              |       |       |       |     3 ||     3
    Use: Potion            |     2 |     1 |       |     8 ||    11
         Scroll            |       |       |    12 |     8 ||    20
   Stab: Sleeping          |     2 |       |       |       ||     2
         Distracted        |       |     1 |     3 |     7 ||    11
 Armour: Leather armour    |    21 |       |       |       ||    21
         Scale mail        |       |    19 |    33 |     6 ||    58
         Swamp dragon scal |       |       |       |    15 ||    15
         Quicksilver drago |       |       |       |    72 ||    72
         Skin              |       |       |       |    34 ||    34
  Dodge: Dodged            |    60 |    19 |    35 |   197 ||   311
  Block: Other             |       |     7 |    21 |    47 ||    75

Table legend: (Time is in decaauts)
 A = Elapsed time spent in this place.
 B = Non-inter-level travel time spent in this place.
 C = Inter-level travel time spent in this place.
 D = Time resting spent in this place.
 E = Time spent auto-exploring this place.
 F = Levels seen in this place.
 G = Mean time per level.
                   A        B        C        D        E       F      G
               +--------+--------+--------+--------+--------+-----+--------+
         Total |   8123 |   7850 |    273 |      9 |   6121 |  11 |  738.5 |
       Dungeon |   7554 |   7305 |    249 |      9 |   5780 |   9 |  839.3 |
        Temple |    187 |    163 |     24 |      0 |    155 |   1 |  187.0 |
        Bailey |    381 |    381 |      0 |      0 |    186 |   1 |  381.0 |
               +--------+--------+--------+--------+--------+-----+--------+

Top non-repeatable levels by time:
     D:9: 1124 daAuts
     D:1: 999 daAuts
     D:5: 944 daAuts
     D:4: 913 daAuts
     D:8: 809 daAuts
     D:6: 757 daAuts
     D:3: 701 daAuts
     D:7: 660 daAuts
     D:2: 643 daAuts
  Bailey: 381 daAuts
  Temple: 187 daAuts
